Sound Tigers vs Griffins
Created - May 2, 2023 at 19:19
Goals
|
| Sound Tigers |
2 |
2 |
2 |
6 |
| Griffins |
1 |
0 |
0 |
1 |
|
Shots
|
| Sound Tigers |
11 |
8 |
16 |
35 |
| Griffins |
14 |
10 |
6 |
30 |
|
1st period
1. Sound Tigers , Garret Ross 37 (Gabriel Carlsson 19) at 4:25
2. Griffins , Tyler Bertuzzi 27 (Riley Armstrong 41) at 4:29
3. Sound Tigers , Rhett Gardner 11 (Slater Koekkoek 20) at 16:00
Penalties :
No Penalty
2nd period
4. Sound Tigers , Taylor Aronson 3 (Ben Thomson 25, Pavel Francouz) at 16:55
5. Sound Tigers , Joe Labate 13 (Garret Ross 38, James Livingstone 27) at 19:08 (PP)
Penalties :
Pavel Kraskovsky (BRI) for Slashing (Minor) at 1:31, Ben Thomson (BRI) for Boarding (Minor) at 10:21, Riley Armstrong (Gra) for Hooking (Minor) at 18:33
3rd period
6. Sound Tigers , Ben Thomson 19 (Pavel Kraskovsky 40) at 3:52
7. Sound Tigers , Ross Colton 12 (Ben Thomson 26) at 4:25
Penalties :
Ryan Hartman (BRI) for Hooking (Minor) at 0:16, Riley Armstrong (Gra) for Interference (Minor) at 5:15, Greg Pateryn (BRI) for Tripping (Minor) at 16:32, Brendan Woods (Gra) for High sticking (Minor) at 19:17
Goalie Stats
Pavel Francouz (BRI), 29 saves from 30 shots - (0.967), W, 27-16-4, 60:00 minutes
Ilya Samsonov (Gra), 15 saves from 19 shots - (0.789), L, 26-20-6, 39:08 minutes
Adam Werner (Gra), 14 saves from 16 shots - (0.875), 20:52 minutes
Players Stats for Sound Tigers
Player Name G A P +/- PIM S H SB GA TA FO MP PP MP PK MP
------------------------------------------------------------------------------------
Alex Steeves 0 0 0 0 0 0 0 0 0 0 0/0 0:00 0:00 0:00
Alex Tuch 0 0 0 -1 0 3 1 0 1 1 2/2 19:49 1:39 4:17
Ben Johnson 0 0 0 0 0 0 0 0 0 0 0/1 1:07 0:00 1:05
Ben Thomson 1 2 3 2 2 7 1 0 1 1 0/0 15:31 0:04 1:21
Blake Speers 0 0 0 0 0 0 0 0 0 0 0/0 0:03 0:00 0:03
Borna Rendulic 0 0 0 -1 0 1 2 0 0 0 1/4 15:32 1:39 0:00
Brad Ross 0 0 0 0 0 0 1 0 0 0 0/0 1:11 0:04 0:27
Brandon Gignac 0 0 0 0 0 0 0 0 0 0 0/0 0:00 0:00 0:00
Gabriel Carlsson 0 1 1 -1 0 2 0 2 2 2 0/0 25:28 2:27 3:34
Garret Pilon 0 0 0 0 0 0 0 0 0 0 0/0 0:00 0:00 0:00
Garret Ross 1 1 2 1 0 4 0 0 0 1 0/1 14:47 1:33 1:42
Greg Pateryn 0 0 0 -1 2 1 3 4 2 0 0/0 24:40 2:27 2:40
James Livingstone 0 1 1 1 0 1 1 1 0 0 1/2 15:18 1:33 2:14
Joe Labate 1 0 1 1 0 1 4 1 1 1 2/4 14:47 1:33 1:42
Josh Archibald 0 0 0 2 0 0 1 1 0 1 0/0 9:30 0:04 0:00
Miro Heiskanen 0 0 0 0 0 1 0 1 0 1 0/0 14:44 0:00 1:54
Nick Blankenburg 0 0 0 0 0 1 1 3 0 0 0/0 12:47 0:00 0:40
Noah Cates 0 0 0 0 0 0 0 0 0 0 0/0 0:00 0:00 0:00
Pavel Kraskovsky 0 1 1 2 2 3 1 0 1 0 3/6 13:34 0:00 0:00
Rhett Gardner 1 0 1 2 0 1 0 0 0 0 1/1 9:08 0:00 0:00
Ross Colton 1 0 1 2 0 2 3 0 0 0 0/0 13:29 0:00 0:00
Ryan Hartman 0 0 0 -1 2 3 0 0 2 2 17/32 19:00 1:39 3:01
Slater Koekkoek 0 1 1 5 0 1 0 0 0 1 0/0 20:42 0:49 3:22
Taylor Aronson 1 0 1 5 0 2 0 1 0 1 0/0 21:45 0:49 3:42
Tyrell Goulbourne 0 0 0 2 0 1 1 0 0 0 0/0 9:08 0:00 0:00
Players Stats for Griffins
Player Name G A P +/- PIM S H SB GA TA FO MP PP MP PK MP
------------------------------------------------------------------------------------
Brendan Woods 0 0 0 0 2 0 1 0 0 0 2/3 17:53 3:22 1:33
Chris Bigras 0 0 0 -2 0 0 0 2 0 3 0/0 16:38 0:00 1:14
Danny Kristo 0 0 0 -3 0 1 1 0 0 0 0/0 14:52 3:22 0:00
Dmitri Orlov 0 0 0 -2 0 1 1 3 1 0 0/0 20:51 2:35 0:00
Greg McKegg 0 0 0 -1 0 2 1 0 1 1 1/2 10:57 0:00 1:19
Ian McCoshen 0 0 0 -2 0 0 1 0 0 1 0/0 20:51 2:35 0:00
Joe Morrow 0 0 0 -2 0 2 1 1 2 2 0/0 25:32 5:21 2:02
Lucas Lessio 0 0 0 0 0 1 1 0 2 0 1/1 17:01 3:22 1:01
Martin Frk 0 0 0 0 0 0 1 0 0 1 1/2 14:48 0:03 1:33
Riley Armstrong 0 1 1 0 4 2 2 0 0 0 15/32 19:46 4:31 0:28
Roope Hintz 0 0 0 -3 0 2 0 0 3 0 1/1 16:17 4:31 0:14
Ryan Lindgren 0 0 0 0 0 0 1 1 0 0 0/0 13:37 0:00 1:14
Ryan Pulock 0 0 0 0 0 1 2 0 0 0 0/0 16:19 0:00 2:02
Sonny Milano 0 0 0 0 0 3 1 1 1 1 0/3 20:34 5:21 0:00
Tanner Kero 0 0 0 -1 0 4 1 0 0 0 0/0 9:38 0:00 0:00
Troy Terry 0 0 0 -1 0 5 0 1 0 0 0/0 9:58 0:03 0:00
Tyler Bertuzzi 1 0 1 0 0 5 2 1 1 0 0/1 18:59 4:31 0:00
Vladislav Namestnikov 0 0 0 -3 0 1 1 0 1 1 5/8 12:10 0:03 0:24
3 Stars
1 - Taylor Aronson (BRI)
2 - Ben Thomson (BRI)
3 - Pavel Francouz (BRI)
Power Play
Sound Tigers - 1 on 3 Attempt(s) - 33.33%
Griffins - 0 on 4 Attempt(s) - 0.00%
Penalty Kill
Sound Tigers - 4 on 4 Attempt(s) - 100.00%
- Score 0 goal in Penalty Kill
Griffins - 2 on 3 Attempt(s) - 66.67%
- Score 0 goal in Penalty Kill
Team Stat
Sound Tigers - Hits : 20 - Faceoff Wins : 27 - Blocked Shots : 14 - Penalty Minutes : 8
Griffins - Hits : 18 - Faceoff Wins : 26 - Blocked Shots : 10 - Penalty Minutes : 6
Official
Referees : Wes McCauley and Jean Hebert
Linesman : Derek Amell and Travis Gawryletz
Game Notes
Adam Werner enters game at 19:08 of 2nd period
Finance
Level 1 -- Attendance: 2000 (100.00%) -- Ticket Income $70,000
Level 2 -- Attendance: 1000 (100.00%) -- Ticket Income $15,000
Total Attendance: 3000 (100.00%)
Total Ticket Income: $85,000
Other Income: $4,250
Total Income: $89,250
Sound Tigers
5 vs 5 Forward
Center Left Wing Right Wing Time % Phy DF OF
1 Ryan Hartman Alex Tuch Borna Rendulic 40 1 2 2
2 Joe Labate Garret Ross James Livingstone 30 1 2 2
3 Pavel Kraskovsky Ben Thomson Ross Colton 20 1 2 2
4 Rhett Gardner Tyrell Goulbourne Josh Archibald 10 1 2 2
5 vs 5 Defense
Defense Defense Time % Phy DF OF
1 Greg Pateryn Gabriel Carlsson 40 1 2 2
2 Slater Koekkoek Taylor Aronson 30 1 2 2
3 Miro Heiskanen Nick Blankenburg 20 1 2 2
4 Greg Pateryn Gabriel Carlsson 10 1 2 2
PowerPlay Forward
Center Left Wing Right Wing Time % Phy DF OF
1 Ryan Hartman Alex Tuch Borna Rendulic 60 1 2 2
2 Joe Labate Garret Ross James Livingstone 40 1 2 2
PowerPlay Defense
Defense Defense Time % Phy DF OF
1 Greg Pateryn Gabriel Carlsson 60 1 2 2
2 Slater Koekkoek Taylor Aronson 40 1 2 2
Penalty Kill 4 Players Forward
Center Wing Time % Phy DF OF
1 Ryan Hartman Alex Tuch 60 1 2 2
2 Joe Labate Garret Ross 40 1 2 2
Penalty Kill 4 Players Defense
Defense Defense Time % Phy DF OF
1 Greg Pateryn Gabriel Carlsson 60 1 2 2
2 Slater Koekkoek Taylor Aronson 40 1 2 2
Penalty Kill - 3 Players Forward
Forward Time % Phy DF OF
1 Ryan Hartman 60 1 2 2
2 Joe Labate 40 1 2 2
Penalty Kill - 3 Players Defense
Defense Defense Time % Phy DF OF
1 Greg Pateryn Gabriel Carlsson 60 1 2 2
2 Slater Koekkoek Taylor Aronson 40 1 2 2
4 vs 4 Forward
Center Wing Time % Phy DF OF
1 Ryan Hartman Alex Tuch 60 1 2 2
2 Joe Labate Garret Ross 40 1 2 2
4 vs 4 Defense
Defense Defense Time % Phy DF OF
1 Greg Pateryn Gabriel Carlsson 60 1 2 2
2 Slater Koekkoek Taylor Aronson 40 1 2 2
Last Minutes Offensive
Center Left Wing Right Wing Defense Defense
Ryan Hartman Alex Tuch Borna Rendulic Greg Pateryn Gabriel Carlsson
Last Minutes Defensive
Center Left Wing Right Wing Defense Defense
Ryan Hartman Alex Tuch Borna Rendulic Greg Pateryn Gabriel Carlsson
Goaltenders
Starting : Pavel Francouz
Backup : Chris Driedger
Extra Forwards
Normal : James Livingstone, Ben Thomson, Joe Labate - PP : James Livingstone, Ben Thomson - PK : James Livingstone
Extra Defensemen
Normal : Taylor Aronson, Miro Heiskanen, Nick Blankenburg - PP : Taylor Aronson - PK : Taylor Aronson, Miro Heiskanen
Penalty Shots
Alex Tuch, Ryan Hartman, Garret Ross, Borna Rendulic, James Livingstone
Scratches
Alexander Yelesin (Healthy), Jakub Galvas (Healthy), Casey Staum (Healthy), Stuart Skinner (Healthy), Sean Maguire (Healthy)
Griffins
5 vs 5 Forward
Center Left Wing Right Wing Time % Phy DF OF
1 Riley Armstrong Sonny Milano Tyler Bertuzzi 40 1 2 2
2 Vladislav Namestnikov Roope Hintz Danny Kristo 30 1 2 2
3 Brendan Woods Lucas Lessio Martin Frk 20 1 2 2
4 Greg McKegg Tanner Kero Troy Terry 10 1 2 2
5 vs 5 Defense
Defense Defense Time % Phy DF OF
1 Chris Bigras Joe Morrow 40 1 4 0
2 Dmitri Orlov Ian McCoshen 30 1 4 0
3 Ryan Lindgren Ryan Pulock 20 1 4 0
4 Joe Morrow Ryan Pulock 10 1 4 0
PowerPlay Forward
Center Left Wing Right Wing Time % Phy DF OF
1 Riley Armstrong Roope Hintz Tyler Bertuzzi 60 1 2 2
2 Brendan Woods Danny Kristo Lucas Lessio 40 1 2 2
PowerPlay Defense
Defense Defense Time % Phy DF OF
1 Joe Morrow Sonny Milano 60 1 2 2
2 Dmitri Orlov Ian McCoshen 40 1 2 2
Penalty Kill 4 Players Forward
Center Wing Time % Phy DF OF
1 Riley Armstrong Brendan Woods 60 1 2 2
2 Danny Kristo Tyler Bertuzzi 40 1 2 2
Penalty Kill 4 Players Defense
Defense Defense Time % Phy DF OF
1 Joe Morrow Ryan Pulock 60 1 2 2
2 Chris Bigras Ryan Lindgren 40 1 2 2
Penalty Kill - 3 Players Forward
Forward Time % Phy DF OF
1 Brendan Woods 60 1 2 2
2 Riley Armstrong 40 1 2 2
Penalty Kill - 3 Players Defense
Defense Defense Time % Phy DF OF
1 Joe Morrow Ryan Pulock 60 1 2 2
2 Ian McCoshen Chris Bigras 40 1 2 2
4 vs 4 Forward
Center Wing Time % Phy DF OF
1 Riley Armstrong Tyler Bertuzzi 60 1 2 2
2 Roope Hintz Danny Kristo 40 1 2 2
4 vs 4 Defense
Defense Defense Time % Phy DF OF
1 Ian McCoshen Dmitri Orlov 60 1 2 2
2 Joe Morrow Chris Bigras 40 1 2 2
Last Minutes Offensive
Center Left Wing Right Wing Defense Defense
Riley Armstrong Tyler Bertuzzi Danny Kristo Joe Morrow Dmitri Orlov
Last Minutes Defensive
Center Left Wing Right Wing Defense Defense
Riley Armstrong Brendan Woods Lucas Lessio Joe Morrow Ian McCoshen
Goaltenders
Starting : Ilya Samsonov
Backup : Adam Werner
Extra Forwards
Normal : Roope Hintz, Danny Kristo, Brendan Woods - PP : Martin Frk, Vladislav Namestnikov - PK : Martin Frk
Extra Defensemen
Normal : Ian McCoshen, Chris Bigras, Dmitri Orlov - PP : Ryan Pulock - PK : Ian McCoshen, Dmitri Orlov
Penalty Shots
Sonny Milano, Danny Kristo, Roope Hintz, Troy Terry, Riley Armstrong
Scratches
Nico Hischier (Broken Bone (Left Leg) Injury), Cody Glass (Healthy), Klim Kostin (Healthy), Morgan Barron (Healthy), Lias Andersson (Healthy)
Jack Studnicka (Healthy), Jack Ramsey (Healthy), Sebastian Ahaut (Healthy), Konrad Abeltshauser (Healthy), Michael Bunting (Healthy)
Conor Timmins (Healthy), Tomas Hyka (Healthy), Nick Swaney (Healthy), Marcus Hogberg (Healthy), Philippe Desrosiers (Healthy)
% Time on Ice - Sound Tigers
Lines # - Real PCT - Wanted PCT - Time Play
Normal Forward
1 - 30% - 40% - 14:39
2 - 24% - 30% - 11:32
3 - 28% - 20% - 13:29
4 - 19% - 10% - 9:08
Normal Defense
1 - 38% - 40% - 18:43
2 - 34% - 30% - 16:31
3 - 24% - 20% - 11:47
4 - 4% - 10% - 1:47
PP Forward
1 - 53% - 60% - 1:43
2 - 47% - 40% - 1:33
PP Defense
1 - 75% - 60% - 2:27
2 - 25% - 40% - 0:49
PK Forward
1 - 79% - 60% - 6:14
2 - 21% - 40% - 1:42
PK Defense
1 - 60% - 60% - 4:44
2 - 40% - 40% - 3:12
PK3 Forward
1 - 0% - 60%
2 - 0% - 40%
PK3 Defense
1 - 0% - 60%
2 - 0% - 40%
44 Forward
1 - 0% - 60%
2 - 0% - 40%
44 Defense
1 - 0% - 60%
2 - 0% - 40%
Last Minute Offensive - 0:00
Last Minute Defensive - 0:00
Total
Forward - 60:00
Defense - 60:00
|
% Time on Ice - Griffins
Lines # - Real PCT - Wanted PCT - Time Play
Normal Forward
1 - 31% - 40% - 15:06
2 - 24% - 30% - 11:30
3 - 26% - 20% - 12:34
4 - 20% - 10% - 9:38
Normal Defense
1 - 34% - 40% - 16:36
2 - 37% - 30% - 18:16
3 - 24% - 20% - 11:51
4 - 4% - 10% - 2:05
PP Forward
1 - 58% - 60% - 4:34
2 - 42% - 40% - 3:22
PP Defense
1 - 67% - 60% - 5:21
2 - 33% - 40% - 2:35
PK Forward
1 - 100% - 60% - 3:16
2 - 0% - 40% - 0:00
PK Defense
1 - 62% - 60% - 2:02
2 - 38% - 40% - 1:14
PK3 Forward
1 - 0% - 60%
2 - 0% - 40%
PK3 Defense
1 - 0% - 60%
2 - 0% - 40%
44 Forward
1 - 0% - 60%
2 - 0% - 40%
44 Defense
1 - 0% - 60%
2 - 0% - 40%
Last Minute Offensive - 0:00
Last Minute Defensive - 0:00
Total
Forward - 60:00
Defense - 60:00
|
Play-by-Play
1st period
0:01 of 1st period - Riley Armstrong wins face-off versus Ryan Hartman in neutral zone.
0:54 of 1st period - Slater Koekkoek is hit by Martin Frk and loses puck.
1:21 of 1st period - Taylor Aronson is hit by Ryan Lindgren and loses puck.
1:30 of 1st period - Nick Blankenburg is hit by Tanner Kero and loses puck.
1:49 of 1st period - Snap shot by Tanner Kero.
1:49 of 1st period - Stopped by Pavel Francouz with a rebound.
1:51 of 1st period - Slapshot by Ryan Pulock.
1:51 of 1st period - Shot Blocked by Josh Archibald.
1:53 of 1st period - Slapshot by Ryan Pulock.
1:53 of 1st period - Shot Blocked by Nick Blankenburg.
1:59 of 1st period - Wrist shot by Troy Terry.
1:59 of 1st period - Stopped by Pavel Francouz with a rebound.
2:27 of 1st period - Snap shot by Tanner Kero.
2:27 of 1st period - Shot Misses the Net.
2:29 of 1st period - Wrist shot by Greg McKegg.
2:29 of 1st period - Stopped by Pavel Francouz with a rebound.
2:31 of 1st period - Slapshot by Troy Terry.
2:31 of 1st period - Stopped by Pavel Francouz with a rebound.
2:37 of 1st period - Wrist shot by Troy Terry.
2:37 of 1st period - Stopped by Pavel Francouz with a rebound.
2:39 of 1st period - Slapshot by Ryan Pulock.
2:39 of 1st period - Deflect By Tyrell Goulbourne.
2:39 of 1st period - Stopped by Pavel Francouz with a rebound.
2:57 of 1st period - Snap shot by Tanner Kero.
2:57 of 1st period - Stopped by Pavel Francouz with a rebound.
3:55 of 1st period - Backhand shot by Greg McKegg.
3:55 of 1st period - Stopped by Pavel Francouz with a rebound.
3:57 of 1st period - Snap shot by Ryan Pulock.
3:57 of 1st period - Deflect By Tanner Kero.
3:57 of 1st period - Stopped by Pavel Francouz without a rebound.
3:58 of 1st period - Riley Armstrong wins face-off versus Ryan Hartman in Sound Tigers zone.
4:03 of 1st period - Slapshot by Riley Armstrong.
4:03 of 1st period - Shot Misses the Net.
4:25 of 1st period - Snap shot by Garret Ross.
4:25 of 1st period - Goal by Garret Ross - Sound Tigers : 1 - Griffins : 0.
4:26 of 1st period - Riley Armstrong wins face-off versus Ryan Hartman in neutral zone.
4:29 of 1st period - Slapshot by Tyler Bertuzzi.
4:29 of 1st period - Goal by Tyler Bertuzzi - Sound Tigers : 1 - Griffins : 1.
4:30 of 1st period - Ryan Hartman wins face-off versus Riley Armstrong in neutral zone.
4:57 of 1st period - James Livingstone is hit by Ian McCoshen and loses puck.
5:30 of 1st period - Ian McCoshen is hit by Ross Colton and loses puck.
6:58 of 1st period - Taylor Aronson is hit by Dmitri Orlov and loses puck.
8:02 of 1st period - Snap shot by Ross Colton.
8:02 of 1st period - Deflect By Pavel Kraskovsky.
8:02 of 1st period - Stopped by Ilya Samsonov with a rebound.
8:08 of 1st period - Wrist shot by Pavel Kraskovsky.
8:08 of 1st period - Stopped by Ilya Samsonov with a rebound.
8:36 of 1st period - Ian McCoshen is hit by Ross Colton and loses puck.
8:43 of 1st period - Brendan Woods is hit by Ross Colton and loses puck.
9:00 of 1st period - Snap shot by Martin Frk.
9:00 of 1st period - Shot Misses the Net.
9:02 of 1st period - Snap shot by Brendan Woods.
9:02 of 1st period - Shot Misses the Net.
9:04 of 1st period - Slapshot by Dmitri Orlov.
9:04 of 1st period - Stopped by Pavel Francouz with a rebound.
9:06 of 1st period - Slapshot by Dmitri Orlov.
9:06 of 1st period - Shot Blocked by Taylor Aronson.
9:16 of 1st period - Wrist shot by Ben Thomson.
9:16 of 1st period - Stopped by Ilya Samsonov without a rebound.
9:17 of 1st period - Riley Armstrong wins face-off versus Ryan Hartman in Griffins zone.
9:27 of 1st period - Off-side.
9:28 of 1st period - Alex Tuch wins face-off versus Riley Armstrong in neutral zone.
9:37 of 1st period - Snap shot by Ryan Hartman.
9:37 of 1st period - Shot Misses the Net.
9:50 of 1st period - Icing by Joe Morrow.
9:51 of 1st period - Joe Labate wins face-off versus Sonny Milano in Griffins zone.
9:59 of 1st period - Joe Labate is hit by Tyler Bertuzzi and loses puck.
10:18 of 1st period - Ryan Lindgren is hit by Greg Pateryn and loses puck.
10:27 of 1st period - Wrist shot by Ryan Hartman.
10:27 of 1st period - Stopped by Ilya Samsonov with a rebound.
10:37 of 1st period - Miro Heiskanen is hit by Ryan Pulock and loses puck.
10:59 of 1st period - Wrist shot by Joe Labate.
10:59 of 1st period - Shot Misses the Net.
11:01 of 1st period - Slapshot by Miro Heiskanen.
11:01 of 1st period - Stopped by Ilya Samsonov without a rebound.
11:02 of 1st period - Vladislav Namestnikov wins face-off versus Ryan Hartman in Griffins zone.
11:09 of 1st period - Snap shot by Alex Tuch.
11:09 of 1st period - Shot Blocked by Joe Morrow.
11:11 of 1st period - Slapshot by Nick Blankenburg.
11:11 of 1st period - Stopped by Ilya Samsonov without a rebound.
11:12 of 1st period - Alex Tuch wins face-off versus Riley Armstrong in Griffins zone.
11:15 of 1st period - Snap shot by Ryan Hartman.
11:15 of 1st period - Shot Blocked by Chris Bigras.
11:17 of 1st period - Snap shot by Ryan Hartman.
11:17 of 1st period - Stopped by Ilya Samsonov without a rebound.
11:18 of 1st period - Ryan Hartman wins face-off versus Riley Armstrong in Griffins zone.
11:21 of 1st period - Wrist shot by Alex Tuch.
11:21 of 1st period - Stopped by Ilya Samsonov with a rebound.
11:24 of 1st period - Icing by Riley Armstrong.
11:25 of 1st period - Ryan Hartman wins face-off versus Sonny Milano in Griffins zone.
11:36 of 1st period - Snap shot by Ryan Hartman.
11:36 of 1st period - Stopped by Ilya Samsonov with a rebound.
11:44 of 1st period - Wrist shot by Riley Armstrong.
11:44 of 1st period - Shot Misses the Net.
11:46 of 1st period - Wrist shot by Tyler Bertuzzi.
11:46 of 1st period - Shot Blocked by Greg Pateryn.
11:50 of 1st period - Snap shot by Tyler Bertuzzi.
11:50 of 1st period - Shot Blocked by Joe Labate.
11:58 of 1st period - Wrist shot by Riley Armstrong.
11:58 of 1st period - Shot Blocked by Gabriel Carlsson.
12:28 of 1st period - Wrist shot by Tyler Bertuzzi.
12:28 of 1st period - Stopped by Pavel Francouz with a rebound.
12:30 of 1st period - Slapshot by Tyler Bertuzzi.
12:30 of 1st period - Stopped by Pavel Francouz with a rebound.
12:44 of 1st period - Wrist shot by Riley Armstrong.
12:44 of 1st period - Stopped by Pavel Francouz with a rebound.
12:46 of 1st period - Slapshot by Joe Morrow.
12:46 of 1st period - Shot Misses the Net.
12:48 of 1st period - Slapshot by Joe Morrow.
12:48 of 1st period - Shot Blocked by Greg Pateryn.
12:50 of 1st period - Wrist shot by Tyler Bertuzzi.
12:50 of 1st period - Shot Blocked by James Livingstone.
12:52 of 1st period - Slapshot by Joe Morrow.
12:52 of 1st period - Deflect By Riley Armstrong.
12:52 of 1st period - Shot Blocked by Greg Pateryn.
12:52 of 1st period - Puck is out of play.
12:53 of 1st period - Vladislav Namestnikov wins face-off versus Borna Rendulic in Sound Tigers zone.
13:08 of 1st period - Wrist shot by Roope Hintz.
13:08 of 1st period - Shot Blocked by Nick Blankenburg.
13:28 of 1st period - Off-side.
13:29 of 1st period - Vladislav Namestnikov wins face-off versus Borna Rendulic in neutral zone.
14:21 of 1st period - Slapshot by Joe Morrow.
14:21 of 1st period - Shot Blocked by Gabriel Carlsson.
14:24 of 1st period - Icing by Borna Rendulic.
14:25 of 1st period - Ryan Hartman wins face-off versus Vladislav Namestnikov in Sound Tigers zone.
16:00 of 1st period - Wrist shot by Rhett Gardner.
16:00 of 1st period - Goal by Rhett Gardner - Sound Tigers : 2 - Griffins : 1.
16:01 of 1st period - Ryan Hartman wins face-off versus Riley Armstrong in neutral zone.
16:12 of 1st period - Wrist shot by Ryan Hartman.
16:12 of 1st period - Shot Blocked by Tyler Bertuzzi.
16:47 of 1st period - Icing by Brendan Woods.
16:48 of 1st period - Brendan Woods wins face-off versus Pavel Kraskovsky in Griffins zone.
18:09 of 1st period - Slapshot by Ben Thomson.
18:09 of 1st period - Shot Misses the Net.
18:14 of 1st period - Off-side.
18:15 of 1st period - Ryan Hartman wins face-off versus Riley Armstrong in neutral zone.
18:29 of 1st period - Snap shot by Riley Armstrong.
18:29 of 1st period - Shot Misses the Net.
18:48 of 1st period - Slapshot by Roope Hintz.
18:48 of 1st period - Shot Misses the Net.
19:39 of 1st period - Riley Armstrong is hit by Josh Archibald and loses puck.
19:50 of 1st period - Sonny Milano is hit by Greg Pateryn and loses puck.
Goals for this period are 2 for Sound Tigers vs 1 for Griffins.
Shots for this period are 11 for Sound Tigers vs 14 for Griffins.
2nd period
0:01 of 2nd period - Ryan Hartman wins face-off versus Riley Armstrong in neutral zone.
0:26 of 2nd period - Garret Ross is hit by Joe Morrow and loses puck.
0:31 of 2nd period - Snap shot by Roope Hintz.
0:31 of 2nd period - Shot Misses the Net.
0:37 of 2nd period - Wrist shot by Vladislav Namestnikov.
0:37 of 2nd period - Shot Misses the Net.
0:53 of 2nd period - Snap shot by Tanner Kero.
0:53 of 2nd period - Shot Blocked by Greg Pateryn.
1:31 of 2nd period - Minor Penalty to Pavel Kraskovsky for Slashing.
1:32 of 2nd period - Roope Hintz wins face-off versus Ryan Hartman in Sound Tigers zone.
1:36 of 2nd period - Snap shot by Riley Armstrong.
1:36 of 2nd period - Deflect By Tyler Bertuzzi.
1:36 of 2nd period - Stopped by Pavel Francouz with a rebound.
2:07 of 2nd period - Snap shot by Brendan Woods.
2:07 of 2nd period - Shot Misses the Net.
2:09 of 2nd period - Backhand shot by Joe Morrow.
2:09 of 2nd period - Deflect By Ryan Hartman.
2:09 of 2nd period - Stopped by Pavel Francouz with a rebound.
2:32 of 2nd period - Off-side.
2:33 of 2nd period - Lucas Lessio wins face-off versus Garret Ross in neutral zone.
3:31 of 2nd period - Penalty to Pavel Kraskovsky is over, Pavel Kraskovsky is back on ice.
3:48 of 2nd period - Slapshot by Sonny Milano.
3:48 of 2nd period - Stopped by Pavel Francouz with a rebound.
4:24 of 2nd period - Wrist shot by Garret Ross.
4:24 of 2nd period - Stopped by Ilya Samsonov without a rebound.
4:25 of 2nd period - Vladislav Namestnikov wins face-off versus Joe Labate in Griffins zone.
4:25 of 2nd period - Vladislav Namestnikov is hit by James Livingstone.
5:13 of 2nd period - Brendan Woods is hit by Greg Pateryn and loses puck.
5:35 of 2nd period - Snap shot by Vladislav Namestnikov.
5:35 of 2nd period - Stopped by Pavel Francouz with a rebound.
5:37 of 2nd period - Snap shot by Roope Hintz.
5:37 of 2nd period - Stopped by Pavel Francouz without a rebound.
5:38 of 2nd period - Ryan Hartman wins face-off versus Vladislav Namestnikov in Sound Tigers zone.
5:47 of 2nd period - Wrist shot by Alex Tuch.
5:47 of 2nd period - Shot Misses the Net.
6:03 of 2nd period - Tyler Bertuzzi is hit by Joe Labate and loses puck.
6:12 of 2nd period - Snap shot by Garret Ross.
6:12 of 2nd period - Shot Misses the Net.
6:14 of 2nd period - Wrist shot by James Livingstone.
6:14 of 2nd period - Stopped by Ilya Samsonov with a rebound.
6:32 of 2nd period - Lucas Lessio is hit by Nick Blankenburg and loses puck.
7:11 of 2nd period - Snap shot by Troy Terry.
7:11 of 2nd period - Stopped by Pavel Francouz without a rebound.
7:12 of 2nd period - Riley Armstrong wins face-off versus Ryan Hartman in Sound Tigers zone.
7:39 of 2nd period - Vladislav Namestnikov is hit by Joe Labate and loses puck.
7:46 of 2nd period - Slapshot by Joe Labate.
7:46 of 2nd period - Shot Blocked by Dmitri Orlov.
7:48 of 2nd period - Wrist shot by Garret Ross.
7:48 of 2nd period - Stopped by Ilya Samsonov without a rebound.
7:49 of 2nd period - Ryan Hartman wins face-off versus Riley Armstrong in Griffins zone.
10:09 of 2nd period - Wrist shot by Greg McKegg.
10:09 of 2nd period - Shot Misses the Net.
10:21 of 2nd period - Minor Penalty to Ben Thomson for Boarding.
10:22 of 2nd period - Ryan Hartman wins face-off versus Riley Armstrong in Sound Tigers zone.
12:21 of 2nd period - Penalty to Ben Thomson is over, Ben Thomson is back on ice.
12:31 of 2nd period - Dmitri Orlov is hit by Brad Ross and loses puck.
12:49 of 2nd period - Ian McCoshen is hit by Tyrell Goulbourne and loses puck.
13:12 of 2nd period - Ryan Pulock is hit by Ben Thomson and loses puck.
14:29 of 2nd period - Wrist shot by Greg McKegg.
14:29 of 2nd period - Deflect By Garret Ross.
14:29 of 2nd period - Shot Blocked by Nick Blankenburg.
14:29 of 2nd period - Puck is out of play.
14:30 of 2nd period - Joe Labate wins face-off versus Greg McKegg in Sound Tigers zone.
14:30 of 2nd period - Joe Labate is hit by Ryan Pulock.
14:36 of 2nd period - Slapshot by Tanner Kero.
14:36 of 2nd period - Stopped by Pavel Francouz without a rebound.
14:37 of 2nd period - Ryan Hartman wins face-off versus Riley Armstrong in Sound Tigers zone.
14:46 of 2nd period - Snap shot by Alex Tuch.
14:46 of 2nd period - Shot Blocked by Sonny Milano.
14:48 of 2nd period - Backhand shot by Slater Koekkoek.
14:48 of 2nd period - Stopped by Ilya Samsonov without a rebound.
14:49 of 2nd period - Ryan Hartman wins face-off versus Riley Armstrong in Griffins zone.
14:50 of 2nd period - Snap shot by Alex Tuch.
14:50 of 2nd period - Stopped by Ilya Samsonov with a rebound.
15:08 of 2nd period - Greg Pateryn is hit by Tyler Bertuzzi and loses puck.
15:25 of 2nd period - Slapshot by Danny Kristo.
15:25 of 2nd period - Shot Misses the Net.
15:27 of 2nd period - Snap shot by Roope Hintz.
15:27 of 2nd period - Stopped by Pavel Francouz with a rebound.
15:29 of 2nd period - Wrist shot by Danny Kristo.
15:29 of 2nd period - Shot Misses the Net.
15:45 of 2nd period - Snap shot by Ben Thomson.
15:45 of 2nd period - Stopped by Ilya Samsonov without a rebound.
15:46 of 2nd period - Riley Armstrong wins face-off versus Pavel Kraskovsky in Griffins zone.
15:48 of 2nd period - Icing by Sonny Milano.
15:49 of 2nd period - Ryan Hartman wins face-off versus Riley Armstrong in Griffins zone.
15:58 of 2nd period - Taylor Aronson is hit by Riley Armstrong and loses puck.
16:55 of 2nd period - Slapshot by Taylor Aronson.
16:55 of 2nd period - Goal by Taylor Aronson - Sound Tigers : 3 - Griffins : 1.
16:56 of 2nd period - Riley Armstrong wins face-off versus Borna Rendulic in neutral zone.
17:03 of 2nd period - Wrist shot by Sonny Milano.
17:03 of 2nd period - Stopped by Pavel Francouz with a rebound.
17:08 of 2nd period - Icing by Ryan Hartman.
17:09 of 2nd period - Ryan Hartman wins face-off versus Sonny Milano in Sound Tigers zone.
17:36 of 2nd period - Vladislav Namestnikov is hit by Joe Labate and loses puck.
17:52 of 2nd period - Off-side.
17:53 of 2nd period - Pavel Kraskovsky wins face-off versus Brendan Woods in neutral zone.
18:14 of 2nd period - Snap shot by Lucas Lessio.
18:14 of 2nd period - Stopped by Pavel Francouz without a rebound.
18:15 of 2nd period - Ryan Hartman wins face-off versus Riley Armstrong in Sound Tigers zone.
18:21 of 2nd period - Off-side.
18:22 of 2nd period - Ryan Hartman wins face-off versus Riley Armstrong in neutral zone.
18:22 of 2nd period - Ryan Hartman is hit by Sonny Milano.
18:30 of 2nd period - Snap shot by Ryan Hartman.
18:30 of 2nd period - Deflect By Borna Rendulic.
18:30 of 2nd period - Shot Blocked by Dmitri Orlov.
18:30 of 2nd period - Puck is out of play.
18:31 of 2nd period - Riley Armstrong wins face-off versus Ryan Hartman in Griffins zone.
18:33 of 2nd period - Minor Penalty to Riley Armstrong for Hooking.
18:34 of 2nd period - Martin Frk wins face-off versus Ryan Hartman in Griffins zone.
19:08 of 2nd period - Snap shot by Joe Labate.
19:08 of 2nd period - Goal by Joe Labate - Sound Tigers : 4 - Griffins : 1.
19:08 of 2nd period - Adam Werner enters game.
19:09 of 2nd period - Ryan Hartman wins face-off versus Riley Armstrong in neutral zone.
Goals for this period are 2 for Sound Tigers vs 0 for Griffins.
Shots for this period are 8 for Sound Tigers vs 10 for Griffins.
3rd period
0:01 of 3rd period - Riley Armstrong wins face-off versus Ryan Hartman in neutral zone.
0:16 of 3rd period - Minor Penalty to Ryan Hartman for Hooking.
0:17 of 3rd period - Riley Armstrong wins face-off versus James Livingstone in Sound Tigers zone.
0:17 of 3rd period - Wrist shot by Tyler Bertuzzi.
0:17 of 3rd period - Stopped by Pavel Francouz without a rebound.
0:18 of 3rd period - James Livingstone wins face-off versus Riley Armstrong in Sound Tigers zone.
0:42 of 3rd period - Icing by Joe Morrow.
0:43 of 3rd period - Riley Armstrong wins face-off versus Ben Johnson in Griffins zone.
1:04 of 3rd period - Gabriel Carlsson is hit by Danny Kristo and loses puck.
2:16 of 3rd period - Penalty to Ryan Hartman is over, Ryan Hartman is back on ice.
2:31 of 3rd period - Wrist shot by Tanner Kero.
2:31 of 3rd period - Shot Misses the Net.
3:48 of 3rd period - Slapshot by Ben Thomson.
3:48 of 3rd period - Stopped by Adam Werner with a rebound.
3:50 of 3rd period - Snap shot by Pavel Kraskovsky.
3:50 of 3rd period - Stopped by Adam Werner without a rebound.
3:51 of 3rd period - Pavel Kraskovsky wins face-off versus Vladislav Namestnikov in Griffins zone.
3:52 of 3rd period - Slapshot by Ben Thomson.
3:52 of 3rd period - Goal by Ben Thomson - Sound Tigers : 5 - Griffins : 1.
3:53 of 3rd period - Riley Armstrong wins face-off versus Ryan Hartman in neutral zone.
4:08 of 3rd period - Riley Armstrong is hit by Borna Rendulic and loses puck.
4:25 of 3rd period - Snap shot by Ross Colton.
4:25 of 3rd period - Goal by Ross Colton - Sound Tigers : 6 - Griffins : 1.
4:26 of 3rd period - Vladislav Namestnikov wins face-off versus Ryan Hartman in neutral zone.
4:33 of 3rd period - Slapshot by Gabriel Carlsson.
4:33 of 3rd period - Stopped by Adam Werner with a rebound.
4:35 of 3rd period - Snap shot by Alex Tuch.
4:35 of 3rd period - Stopped by Adam Werner with a rebound.
4:37 of 3rd period - Wrist shot by Gabriel Carlsson.
4:37 of 3rd period - Stopped by Adam Werner with a rebound.
4:39 of 3rd period - Wrist shot by Borna Rendulic.
4:39 of 3rd period - Stopped by Adam Werner with a rebound.
4:41 of 3rd period - Slapshot by Gabriel Carlsson.
4:41 of 3rd period - Shot Blocked by Chris Bigras.
4:53 of 3rd period - Wrist shot by Ben Thomson.
4:53 of 3rd period - Stopped by Adam Werner without a rebound.
4:54 of 3rd period - Pavel Kraskovsky wins face-off versus Tyler Bertuzzi in Griffins zone.
5:15 of 3rd period - Minor Penalty to Riley Armstrong for Interference.
5:16 of 3rd period - Borna Rendulic wins face-off versus Martin Frk in Griffins zone.
7:15 of 3rd period - Penalty to Riley Armstrong is over, Riley Armstrong is back on ice.
7:45 of 3rd period - Slapshot by Sonny Milano.
7:45 of 3rd period - Stopped by Pavel Francouz with a rebound.
9:01 of 3rd period - Riley Armstrong is hit by Borna Rendulic.
9:27 of 3rd period - Ben Thomson is hit by Vladislav Namestnikov and loses puck.
9:47 of 3rd period - Gabriel Carlsson is hit by Lucas Lessio.
9:48 of 3rd period - Icing by Gabriel Carlsson.
9:49 of 3rd period - Rhett Gardner wins face-off versus Riley Armstrong in Sound Tigers zone.
9:58 of 3rd period - Wrist shot by Josh Archibald.
9:58 of 3rd period - Shot Misses the Net.
10:00 of 3rd period - Slapshot by Rhett Gardner.
10:00 of 3rd period - Shot Misses the Net.
10:45 of 3rd period - Off-side.
10:46 of 3rd period - Riley Armstrong wins face-off versus Pavel Kraskovsky in neutral zone.
10:53 of 3rd period - Slapshot by Riley Armstrong.
10:53 of 3rd period - Shot Misses the Net.
10:59 of 3rd period - Wrist shot by Ben Thomson.
10:59 of 3rd period - Shot Hit the Post.
11:01 of 3rd period - Slapshot by Greg Pateryn.
11:01 of 3rd period - Shot Blocked by Ryan Lindgren.
11:35 of 3rd period - Vladislav Namestnikov is hit by Alex Tuch and loses puck.
12:02 of 3rd period - Snap shot by Tyrell Goulbourne.
12:02 of 3rd period - Stopped by Adam Werner with a rebound.
12:04 of 3rd period - Backhand shot by Rhett Gardner.
12:04 of 3rd period - Shot Blocked by Dmitri Orlov.
12:15 of 3rd period - Icing by Dmitri Orlov.
12:16 of 3rd period - Brendan Woods wins face-off versus Joe Labate in Griffins zone.
14:05 of 3rd period - Icing by Joe Labate.
14:06 of 3rd period - Greg McKegg wins face-off versus Ryan Hartman in Sound Tigers zone.
14:09 of 3rd period - Wrist shot by Troy Terry.
14:09 of 3rd period - Stopped by Pavel Francouz with a rebound.
14:11 of 3rd period - Snap shot by Joe Morrow.
14:11 of 3rd period - Deflect By Alex Tuch.
14:11 of 3rd period - Stopped by Pavel Francouz with a rebound.
14:13 of 3rd period - Slapshot by Ryan Pulock.
14:13 of 3rd period - Shot Misses the Net.
14:31 of 3rd period - Greg Pateryn is hit by Riley Armstrong and loses puck.
15:04 of 3rd period - Wrist shot by Ryan Pulock.
15:04 of 3rd period - Shot Misses the Net.
15:38 of 3rd period - Dmitri Orlov is hit by Pavel Kraskovsky and loses puck.
15:45 of 3rd period - Slapshot by Ben Thomson.
15:45 of 3rd period - Stopped by Adam Werner with a rebound.
15:47 of 3rd period - Slapshot by Ross Colton.
15:47 of 3rd period - Stopped by Adam Werner with a rebound.
15:49 of 3rd period - Slapshot by Slater Koekkoek.
15:49 of 3rd period - Shot Blocked by Troy Terry.
16:01 of 3rd period - Slapshot by Riley Armstrong.
16:01 of 3rd period - Stopped by Pavel Francouz with a rebound.
16:09 of 3rd period - Wrist shot by Joe Labate.
16:09 of 3rd period - Deflect By Garret Ross.
16:09 of 3rd period - Stopped by Adam Werner with a rebound.
16:32 of 3rd period - Minor Penalty to Greg Pateryn for Tripping.
16:33 of 3rd period - Riley Armstrong wins face-off versus Ryan Hartman in Sound Tigers zone.
17:05 of 3rd period - Miro Heiskanen is hit by Brendan Woods and loses puck.
17:37 of 3rd period - Sonny Milano is hit by Joe Labate and loses puck.
18:22 of 3rd period - Wrist shot by Lucas Lessio.
18:22 of 3rd period - Shot Misses the Net.
18:24 of 3rd period - Wrist shot by Danny Kristo.
18:24 of 3rd period - Stopped by Pavel Francouz with a rebound.
18:26 of 3rd period - Snap shot by Lucas Lessio.
18:26 of 3rd period - Shot Blocked by Miro Heiskanen.
18:32 of 3rd period - Penalty to Greg Pateryn is over, Greg Pateryn is back on ice.
18:44 of 3rd period - Josh Archibald is hit by Greg McKegg and loses puck.
19:03 of 3rd period - Snap shot by Ben Thomson.
19:03 of 3rd period - Stopped by Adam Werner with a rebound.
19:05 of 3rd period - Slapshot by Miro Heiskanen.
19:05 of 3rd period - Shot Misses the Net.
19:07 of 3rd period - Snap shot by Pavel Kraskovsky.
19:07 of 3rd period - Shot Misses the Net.
19:09 of 3rd period - Snap shot by Pavel Kraskovsky.
19:09 of 3rd period - Shot Misses the Net.
19:11 of 3rd period - Snap shot by Taylor Aronson.
19:11 of 3rd period - Stopped by Adam Werner with a rebound.
19:17 of 3rd period - Minor Penalty to Brendan Woods for High sticking.
19:18 of 3rd period - Riley Armstrong wins face-off versus Ryan Hartman in Griffins zone.
19:31 of 3rd period - Slapshot by Greg Pateryn.
19:31 of 3rd period - Stopped by Adam Werner with a rebound.
19:33 of 3rd period - Slapshot by Gabriel Carlsson.
19:33 of 3rd period - Shot Misses the Net.
Goals for this period are 2 for Sound Tigers vs 0 for Griffins.
Shots for this period are 16 for Sound Tigers vs 6 for Griffins.